 Dungeon Crawl Stone Soup version 0.23.1 (webtiles) character file.

Game seed: 1285480911822243723

169 Borgoz the Sneak (level 5, 0/38 HPs)
             Began as a Ghoul Enchanter on Mar 13, 2019.
             Slain by Ijyb (2 damage)
             ... on level 4 of the Dungeon.
             The game lasted 00:06:11 (4165 turns).

Borgoz the Sneak (Ghoul Enchanter)                  Turns: 4165, Time: 00:06:12

Health: 0/38       AC:  2    Str: 12    XL:     5   Next: 50%
Magic:  2/6        EV: 12    Int: 10    God:
Gold:   75         SH:  0    Dex: 10    Spells: 4/7 levels left

rFire    . . .     SeeInvis .   i - +0 short sword
rCold    + . .     Gourm    .   (no shield)
rNeg     + + +     Faith    .   b - +0 robe
rPois    ∞         Spirit   .   (no helmet)
rElec    .         Reflect  .   (no cloak)
rCorr    .         Harm     .   (no gloves)
MR       .....                  (no boots)
Stlth    ++........             (no amulet)
HPRegen  0.00/turn              (no ring)
MPRegen  0.10/turn              (no ring)

@: rotting
A: rotting body, claws 1, carnivore, cold resistance 1, negative energy
resistance 3, inhibited regeneration, torment resistance, unbreathing
a: no special abilities


You were on level 4 of the Dungeon.
You were not hungry.

You visited 1 branch of the dungeon, and saw 5 of its levels.

You collected 75 gold pieces.

Inventory:

Hand Weapons
 i - a +0 short sword (weapon)
Missiles
 c - 9 poisoned needles
Armour
 b - a +0 robe (worn)
 e - a +0 scale mail
 k - a +0 ring mail
 l - a +0 plate armour
Scrolls
 a - 2 scrolls of identify {unknown}
 g - a scroll of enchant weapon {unknown}
 h - 2 scrolls of magic mapping {unknown}
 m - a scroll of teleportation {unknown}
Comestibles
 d - 3 rations


   Skills:
 * Level 2.7 Short Blades
 * Level 2.5 Armour
 + Level 2.5 Dodging
 + Level 4.1 Stealth
 - Level 1.7 Spellcasting
 - Level 2.4 Hexes


You had 4 spell levels left.
You knew the following spells:

 Your Spells              Type           Power        Failure   Level  Hunger
a - Corona                Hex            #......      12%         1    ##.....
b - Ensorcelled Hibernat  Hex/Ice        #.....       30%         2    ###....

Your spell library contained the following spells:

 Spells                   Type           Power        Failure   Level  Hunger
 Confuse                  Hex            #.......     34%         3    ####...
 Tukima's Dance           Hex            #.......     34%         3    ####...
 Dazzling Spray           Conj/Hex       #.....       52%         3    ####...


Dungeon Overview and Level Annotations

Branches:
Dungeon (5/15)
 Temple: D:4-7

Altars:

Annotations:
D:4 Dowan, Duvessa, Ijyb, Pikel


Innate Abilities, Weirdness & Mutations

Your body is rotting away.
You thrive on raw meat.
You are immune to poison.
You have sharp fingernails.
You are carnivorous and can eat meat at any time.
Your flesh is cold resistant. (rC+)
You are immune to negative energy. (rN+++)
You do not regenerate when monsters are visible.
You are immune to unholy pain and torment.
You can survive without breathing.


Message History

Ijyb looks drowsy...
The helpless Ijyb fails to defend herself.
You hit Ijyb.
Ijyb is lightly wounded.
Ijyb screams, "I cut your head off!" Ijyb barely misses you.
Ijyb barely misses you. Ijyb screams, "I dance on your bones!"
Ijyb grins evilly.
There is a stone staircase leading down here.
Casting: Ensorcelled Hibernation (safe; 2% risk of failure)
Confirm with . or Enter, or press ? or * to list all spells.
Aiming: Ensorcelled Hibernation (safe; 2% risk of failure)
Press: ? - help, Shift-Dir - straight line, f/p - Ijyb
Aim: Ijyb, wearing a +0 scale mail (lightly wounded, chance to defeat MR: 52%) Ijyb resists with significant effort.
Ijyb closely misses you.
You feel a little less clever now.
There is a stone staircase leading up here.
Ijyb hits you.
You die...

#.......#
#####.#....#
...........#
#####.#....######
#.+..........
###....#####
#....#......[
#..#.########
#..#.#@g.#
#..#.###.#
#........#
#..#.##### #..#.#
#.>#.# #..#.#
####.# #.#


You could see Ijyb.

Vanquished Creatures
  A hound (D:4)
  An orc wizard (D:3)
  4 adders
  A worm (D:3)
  A dart slug (D:1)
  3 leopard geckos
  3 orcs
  4 giant cockroaches
  11 goblins
  6 hobgoblins
  2 jackals (D:2)
  5 kobolds
  2 quokkas
  2 ball pythons (D:3)
  5 bats
  5 frilled lizards
  6 rats
62 creatures vanquished.

Notes
Turn   | Place    | Note
-------+----------+-------------------------------------------
     0 | D:1      | Borgoz the Ghoul Enchanter began the quest for the Orb.
     0 | D:1      | Reached XP level 1. HP: 14/14 MP: 2/2
    27 | D:1      | Reached skill level 1 in Short Blades
   276 | D:1      | Reached XP level 2. HP: 20/20 MP: 3/3
   477 | D:1      | Reached skill level 1 in Armour
  1009 | D:1      | Reached XP level 3. HP: 26/26 MP: 4/4
  1519 | D:2      | Learned a level 2 spell: Ensorcelled Hibernation
  1590 | D:2      | Noticed a phantom
  1901 | D:3      | Reached XP level 4. HP: 10/32 MP: 0/5
  3133 | D:3      | Reached XP level 5. HP: 29/38 MP: 6/6
  3374 | D:3      | Reached skill level 4 in Stealth
  3876 | D:4      | Noticed Pikel
  3876 | D:4      | Noticed a slave
  3876 | D:4      | Noticed a slave
  3876 | D:4      | Noticed a slave
  3948 | D:4      | Noticed Duvessa
  3948 | D:4      | Noticed Dowan
  4075 | D:5      | Entered Level 5 of the Dungeon
  4075 | D:5      | Noticed Ijyb
  4116 | D:4      | HP: 1/38 [quokka (1)]
  4165 | D:4      | Slain by Ijyb

Skill      XL: |  1  2  3  4  5 |
---------------+----------------+-----
Short Blades   | 1 2 |  2.7
Dodging        | 2 |  2.5
Armour         | 1 2 |  2.5
Stealth        | 4 |  4.1
Spellcasting   | |  1.7
Hexes          | |  2.4

Action                   |  1- 3 |  4- 6 || total
-------------------------+-------+-------++-------
Melee: Dagger            |    57 |       ||    57
       Short sword       |    95 |   165 ||   260
 Cast: Corona            |     3 |       ||     3
       Ensorcelled Hiber |       |    14 ||    14
  Use: Potion            |     2 |     3 ||     5
 Stab: Sleeping          |     2 |     8 ||    10
       Distracted        |       |     1 ||     1
  Eat: Chunk             |     7 |    12 ||    19
Armor: Robe              |    25 |    27 ||    52
Dodge: Dodged            |    98 |   113 ||   211
